 Dungeon Crawl Stone Soup version 0.21-a0-460-g737a915 (webtiles) character file.

263 qqqbard the Conjurer (level 5, -2/28 HPs)
             Began as a Deep Elf Conjurer on Nov 21, 2017.
             Slain by a hound skeleton (3 damage)
             ... on level 4 of the Dungeon.
             The game lasted 00:04:25 (2589 turns).

qqqbard the Conjurer (Deep Elf Conjurer)            Turns: 2589, Time: 00:04:25

Health: -2/28      AC:  2    Str:  5    XL:     5   Next: 98%
Magic:  1/15       EV: 13    Int: 21    God:
Gold:   191        SH:  0    Dex: 15    Spells: 13/16 levels left

rFire    . . .     SeeInvis .   (no weapon)
rCold    . . .     Gourm    .   (no shield)
rNeg     . . .     Faith    .   a - +0 robe
rPois    .         Spirit   .   (no helmet)
rElec    .         Reflect  .   (no cloak)
rCorr    .         Harm     .   (no gloves)
MR       .....                  (no boots)
Stlth    ++........             (no amulet)
HPRegen  0.09/turn              (no ring)
MPRegen  0.14/turn              (no ring)

@: no status effects
A: no striking features
a: no special abilities


You were on level 4 of the Dungeon.
You were not hungry.

You visited 1 branch of the dungeon, and saw 4 of its levels.

You collected 191 gold pieces.

Inventory:

Armour
 a - a +0 robe (worn)
Jewellery
 h - an uncursed ring of wizardry {unknown}
 u - an uncursed amulet of rage {unknown}
Scrolls
 e - a scroll of magic mapping {unknown}
 j - 5 scrolls of identify {unknown}
 k - a scroll of amnesia {unknown}
 l - a scroll of enchant weapon {unknown}
 n - a scroll of fear {unknown}
 q - 2 scrolls of remove curse {unknown}
 r - a scroll of blinking {unknown}
 t - a scroll of random uselessness {unknown}
Potions
 d - 2 potions of curing {unknown}
 f - a potion of mutation {unknown}
 i - 2 potions of brilliance {unknown}
 m - a potion of ambrosia {unknown}
 o - 2 potions of degeneration {unknown}
 p - a potion of cancellation {unknown}
Books
 b - a book of Conjurations

   Spells                             Type                      Level
   a - Magic Dart                     Conjuration                  1
   b - Searing Ray                    Conjuration                  2
   c - Dazzling Spray                 Conjuration/Hexes            3
   d - Fulminant Prism                Conjuration/Hexes            4
   e - Force Lance                    Conjuration/Translocation    4
   f - Iskenderun's Mystic Blast      Conjuration                  4
Comestibles
 c - 5 bread rations
 g - 14 fruits
 s - a royal jelly


   Skills:
 - Level 2.4 Dodging
 - Level 2.4 Stealth
 + Level 6.3 Spellcasting
 + Level 6.4 Conjurations


You had 13 spell levels left.
You knew the following spells:

 Your Spells              Type           Power        Failure   Level  Hunger
a - Magic Dart            Conj           ####         1%          1    None
b - Searing Ray           Conj           ####..       1%          2    None


Dungeon Overview and Level Annotations

Branches:
Dungeon (4/15)
 Temple: D:4-7

Altars:
Yredelemnul


Message History

Confirm with . or Enter, or press ? or * to list all spells.
Aiming: Searing Ray
Press: ? - help, Shift-Dir - straight line, f/p - hound skeleton
Aim: a hound skeleton (severely damaged)
The searing ray misses the hound skeleton. (Press . to maintain the ray.)
The hound skeleton bites you but does no damage.
The hound skeleton bites you.
* * * LOW HITPOINT WARNING * * *
Casting: Searing Ray
Confirm with . or Enter, or press ? or * to list all spells.
Aiming: Magic Dart
Press: ? - help, Shift-Dir - straight line, f/p - hound skeleton
Aim: a hound skeleton (severely damaged)
The magic dart hits the hound skeleton.
The hound skeleton is severely damaged.
The hound skeleton closely misses you. The hound skeleton barely misses you.
The hound skeleton bites you.
You die...

## #.#.# #.#.##########
#.#..........#
#.##########.#
#.#..<.....#.# .......
#.#.#.####.#.# .......
#.#.#....#.#.# .......
#.#.#....#.#.# .......
#.#.##...#.#@# .......
#.#..+...#รท#Z# .......
#.####...#)#.###.......
#....'...).#..........>
######...####..........
#...# #........## #...#
#........# #)..#
#........# #####
#........#


You could see a hound skeleton.

Vanquished Creatures
  Menkaure (D:4)
  The ghost of qqqbard the Magician, a weakling DEAE (D:3)
  A worker ant (D:4)
  An adder (D:3)
  A worm (D:3)
  3 dart slugs
  2 leopard geckos
  5 orcs
  4 goblins
  8 hobgoblins
  6 jackals
  5 kobolds
  A quokka (D:3)
  11 bats
  3 frilled lizards
  A leopard gecko skeleton (D:4)
  8 rats
  A spectral orc (D:2)
63 creatures vanquished.

Notes
Turn   | Place    | Note
-------+----------+-------------------------------------------
     0 | D:1      | qqqbard the Deep Elf Conjurer began the quest for the Orb.
     0 | D:1      | Reached XP level 1. HP: 10/10 MP: 6/6
   113 | D:1      | Reached XP level 2. HP: 11/15 MP: 0/8
   638 | D:2      | Reached skill level 5 in Conjurations
   638 | D:2      | Reached XP level 3. HP: 19/19 MP: 5/10
   859 | D:2      | You fall through a shaft!
   895 | D:2      | Found a basalt altar of Yredelemnul.
  1382 | D:3      | Found a basalt altar of Yredelemnul.
  1637 | D:3      | Learned a level 2 spell: Searing Ray
  1875 | D:3      | Reached XP level 4. HP: 24/24 MP: 7/12
  1966 | D:3      | Noticed qqqbard's ghost (weakling DEAE)
  1972 | D:3      | Killed qqqbard's ghost
  1972 | D:3      | Reached skill level 5 in Spellcasting
  2385 | D:4      | Reached XP level 5. HP: 17/28 MP: 3/14
  2574 | D:4      | Noticed Menkaure
  2580 | D:4      | Killed Menkaure
  2583 | D:4      | HP: 1/28 [hound skeleton (2)]
  2589 | D:4      | Slain by a hound skeleton

Vault maps used:
D:1:      nicolae_arrival_washed_ashore
D:2:      yredelemnul_forgotten_temple_becter, bh_chokoban
D:3:      minivault_24, yredelemnul_altar_generic
D:4:      first_bread, nicolae_tso_carved_into_rock, uniq_menkaure, uniq_grinder

Skill      XL: |  1  2  3  4  5 |
---------------+----------------+-----
Spellcasting   | 4 5 6 |  6.3
Conjurations   | 5 6 |  6.4
Dodging        | |  2.4
Stealth        | |  2.4

Action                   |  1- 3 |  4- 6 || total
-------------------------+-------+-------++-------
Melee: Unarmed           |    10 |       ||    10
 Cast: Magic Dart        |   102 |    43 ||   145
       Searing Ray       |     1 |     5 ||     6
  Eat: Chunk             |     3 |     2 ||     5
Armor: Robe              |     6 |     3 ||     9
Dodge: Dodged            |    21 |    11 ||    32

Table legend:
 A = Spawn XP
 B = Non-spawn XP
 C = Spawn XP percentage of total XP
 D = Spawn monster count
 E = Non-spawn monster count
 F = Spawn count percentage of total count
 G = Total turns spent on level
                    A         B        C        D         E        F      G
               +---------+---------+-------+---------+---------+-------+---------
         Total |       0 |     377 |   0.0 |       0 |      63 |   0.0 |  2589
               +---------+---------+-------+---------+---------+-------+---------
           D:1 |       0 |      35 |   0.0 |       0 |      17 |   0.0 |   564
           D:2 |       0 |      31 |   0.0 |       0 |      19 |   0.0 |   843
           D:3 |       0 |      95 |   0.0 |       0 |      21 |   0.0 |   749
           D:4 |       0 |     216 |   0.0 |       0 |       6 |   0.0 |   433
               +---------+---------+-------+---------+---------+-------+---------
